 Dungeon Sprint DCSS version 0.31-a0-963-ga325b2283a (webtiles) character file.

Game seed: 16541308841091264646

14969 sircluck the Brawler (level 11, -9/132 HPs)
             Began as a Troll Berserker on Oct 25, 2023.
             Was the Champion of Trog.
             Mangled by a sixfirhy (11 damage)
             ... in the Dungeon (Sprint VII: "The Pits").
             The game lasted 00:04:56 (1741 turns).

sircluck the Brawler (Troll Berserker)              Turns: 1741, Time: 00:04:56

Health: -9/132     AC:  5    Str: 34    XL:     11   Next: 95%
Magic:  10/10      EV: 16    Int:  3    God:    Trog [******]
Gold:   60         SH:  0    Dex:  9    Spells: 10/10 levels left

rFire   . .          .
                       - Unarmed
rCold   . . .        (no shield)
rNeg    . . .        q - +0 troll leather armour
rPois   .            (helmet restricted)
rElec   .            y - scarf {shadows}
rCorr   .            (gloves unavailable)
SInv    .            (boots unavailable)
Will    .....        (no amulet)
Stlth   +            k - +3 ring of strength
HPRegen 2.02/turn    l - +3 ring of evasion
MPRegen 0.12/turn

%: no teleportation
@: no status effects
A: large, unfitting armour, claws 3, regeneration 1, shaggy fur 1, tough skin 1
a: Renounce Religion, Berserk, Trog's Hand, Brothers in Arms


You were in the Dungeon.
You worshipped Trog.
Trog was exalted by your worship.
You visited 1 branch You collected 60 gold pieces.

Inventory:

Missiles
 r - a throwing net
Armour
 a - a +0 animal skin
 q - a +0 troll leather armour (worn)
 y - a scarf of shadows (worn)
Jewellery
 k - a +3 ring of strength (left claw)
 l - a +3 ring of evasion (right claw)
 w - a ring of see invisible
 x - a ring of poison resistance
Wands
 p - a wand of acid (6)
Scrolls
 g - 2 scrolls of blinking
 i - 2 scrolls of vulnerability
 j - a scroll of butterflies
 s - 6 scrolls of enchant weapon
 t - 6 scrolls of enchant armour
 u - a scroll of fog
Potions
 b - 8 potions of curing
 c - 8 potions of heal wounds
 d - 3 potions of haste
 e - 4 potions of magic
 f - 8 potions of berserk rage
 h - 2 potions of invisibility
 m - 3 potions of might
 n - 2 potions of resistance
 o - a potion of mutation
 v - 2 potions of enlightenment


   Skills:
 + Level 15.0 Fighting
 + Level 5.5 Armour
 + Level 14.8 Dodging
 + Level 17.4 Unarmed Combat


You had 10 spell levels left.
You didn't know any spells.
Your spell library was empty.

Dungeon Overview and Level Annotations

Branches:
Dungeon (1/1)

Altars:
Ashenzari
Cheibriados
Dithmenos
Elyvilon
Fedhas
Gozag
Hepliaklqana
Kikubaaqudgha
Makhleb
Nemelex Xobeh
Okawaru
Qazlal
Ru
Sif Muna
Trog
Uskayaw
Vehumet
Wu Jian
Xom
Yredelemnul
Zin
The Shining One
Jiyva
Lugonu


Innate Abilities, Weirdness & Mutations

You are too large for most types of armour.
You have claws for hands.
Your natural rate of healing is unusually fast.
You are covered in fur. (AC +1)
You have tough skin. (AC +1)


Message History

The orc wizard flickers and vanishes!
Deactivating autopickup; reactivate with Ctrl-A.
The troll barely misses you. The troll closely misses you. The troll claws you!
You hear a roar!
You claw the troll!
You kill the troll!
Trog accepts your kill. Trog grants you a weapon!
Something appears at your feet!
You see here a +7 heavy great mace.
You hear a shout!
You hear a faint skittering sound.
Unknown command.
Unknown command.
A sixfirhy comes into view.
You closely miss the sixfirhy. You miss the sixfirhy.
Your deep troll goes berserk!
Something barely misses you.
You mangle the sixfirhy!!
The sixfirhy is almost dead.
The sixfirhy hits you! The sixfirhy shocks you!
* * * LOW HITPOINT WARNING * * *
The sixfirhy barely misses you.
You scratch the sixfirhy but do no damage.
The sixfirhy is almost dead.
The sixfirhy hits you!
* * * LOW HITPOINT WARNING * * *
The sixfirhy shocks you!
* * * LOW HITPOINT WARNING * * *
The sixfirhy hits you.
* * * LOW HITPOINT WARNING * * *
The sixfirhy shocks you!
* * * LOW HITPOINT WARNING * * *
Your deep troll bites something.
Your deep troll claws something!!
Trog accepts your kill.
Trog appreciates your killing of a magic user.
Reactivating autopickup.
You feel a bit more experienced. The sixfirhy hits you.
* * * LOW HITPOINT WARNING * * *
The sixfirhy shocks you!
You die...

###################
#..................
#..................
#..################ #.o'# #
#T.#.# # #o3# h# # #†@# o# #
#.[# T# # #..################
#############..................
#_________.##..................
#_________.###########''#######
#_______...###########''#######
##########'##................##
#.?(.')))'.##......#..#......##


You could see a sixfirhy, 2 orcs and a friendly deep troll (summoned, berserk).

Vanquished Creatures
  A fire giant (D)
  Erolcha (D)
  An anaconda (D)
  A large abomination (D)
  A sea snake (D)
  A bog body (D)
  An orc knight (D)
  A deep elf zephyrmancer (D)
  Pikel (D)
  A phantasmal warrior (D)
  A manticore (D)
  An elephant (D)
  An unseen horror (D)
  2 trolls (D)
  A hellwing (D)
  2 flying skulls (D)
  A wyvern (D)
  A ynoxinul (D)
  A fire bat (D)
  2 redbacks (D)
  2 wargs (D)
  A black bear (D)
  An ice beast (D)
  A phantom (D)
  A lemure (D)
  A scorpion (D)
  3 crimson imps (D)
  A quasit (D)
  A hound (D)
  An orc wizard (D)
  Ijyb (D)
  An iguana (D)
  A mummy (D)
  An adder (D)
  A river rat (D)
  5 orcs (D)
  A bat (D)
  A bat zombie (D)
  A goblin (D)
  3 jackals (D)
  A kobold (D)
  2 ball python skeletons (D)
  A frilled lizard (D)
  A giant cockroach zombie (D)
57 creatures vanquished.

Vanquished Creatures (collateral kills)
  An orc warlord (D)
  Harold (D)
  A hydra (D)
  A death yak (D)
  A sea snake (D)
  A large abomination (D)
  A merfolk siren (D)
  2 elephants (D)
  A molten gargoyle (D)
  A cane toad (D)
  A troll (D)
  A polar bear (D)
  A snapping turtle (D)
  A wraith (D)
  A fire bat (D)
  A steam dragon (D)
  An orc warrior (D)
  A bullfrog (D)
  A gnoll sergeant (D)
  2 orc wizards (D)
  4 gnolls (D)
  2 orcs (D)
  A hobgoblin (D)
29 creatures vanquished.

Grand Total: 86 creatures vanquished

Notes
Turn   | Place    | Note
-------+----------+-------------------------------------------
     0 | D        | sircluck the Troll Berserker began the quest for the Orb.
     0 | D        | Reached XP level 1. HP: 22/22 MP: 0/0
    20 | D        | Found a bloodstained altar of Trog.
    20 | D        | Found a shimmering blue altar of Sif Muna.
    20 | D        | Found a viscous altar of Jiyva.
    20 | D        | Found a hazy altar of Hepliaklqana.
    20 | D        | Found an opulent altar of Gozag.
    21 | D        | Found a glowing golden altar of the Shining One.
    21 | D        | Found a glowing silver altar of Zin.
    21 | D        | Found a basalt altar of Yredelemnul.
    21 | D        | Found a shimmering altar of Xom.
    21 | D        | Found an ornate altar of the Wu Jian Council.
    21 | D        | Found a sacrificial altar of Ru.
    21 | D        | Found a stormy altar of Qazlal.
    21 | D        | Found an iron altar of Okawaru.
    21 | D        | Found a sparkling altar of Nemelex Xobeh.
    21 | D        | Found a burning altar of Makhleb.
    21 | D        | Found a blossoming altar of Fedhas.
    21 | D        | Found a white marble altar of Elyvilon.
    21 | D        | Found a shadowy altar of Dithmenos.
    21 | D        | Found a snail-covered altar of Cheibriados.
    25 | D        | Found a corrupted altar of Lugonu.
    25 | D        | Found a radiant altar of Vehumet.
    26 | D        | Found a broken altar of Ashenzari.
    26 | D        | Found an ancient bone altar of Kikubaaqudgha.
    26 | D        | Found a hide-covered altar of Uskayaw.
    78 | D        | Reached ** piety under Trog
    95 | D        | Reached XP level 2. HP: 31/31 MP: 1/1
    97 | D        | Reached *** piety under Trog
   103 | D        | Noticed an ice beast
   115 | D        | Killed an ice beast
   116 | D        | Reached skill level 5 in Unarmed Combat
   116 | D        | Reached XP level 3. HP: 6/41 MP: 2/2
   116 | D        | Reached XP level 4. HP: 7/49 MP: 3/3
   119 | D        | Reached **** piety under Trog
   180 | D        | Noticed Pikel
   180 | D        | Noticed a lemure
   180 | D        | Noticed a lemure
   183 | D        | Noticed a flying skull
   196 | D        | Killed a lemure
   207 | D        | Killed Pikel
   208 | D        | Reached skill level 9 in Unarmed Combat
   208 | D        | Reached XP level 5. HP: 24/63 MP: 4/4
   208 | D        | Reached XP level 6. HP: 28/72 MP: 5/5
   208 | D        | Reached XP level 7. HP: 31/79 MP: 6/6
   223 | D        | Killed a flying skull
   296 | D        | Reached ***** piety under Trog
   297 | D        | Reached skill level 10 in Unarmed Combat
   304 | D        | Noticed a fire bat
   319 | D        | Killed a fire bat
   466 | D        | Noticed a redback
   470 | D        | Killed a redback
   471 | D        | Reached XP level 8. HP: 82/92 MP: 7/7
   480 | D        | Noticed Ijyb
   483 | D        | Killed Ijyb
   493 | D        | Received a gift from Trog
   509 | D        | Reached skill level 11 in Unarmed Combat
   609 | D        | Noticed a hellwing
   615 | D        | Killed a hellwing
   620 | D        | Reached skill level 10 in Fighting
   798 | D        | Noticed Erolcha
   822 | D        | Killed Erolcha
   823 | D        | Reached skill level 10 in Dodging
   823 | D        | Reached skill level 12 in Unarmed Combat
   823 | D        | Reached XP level 9. HP: 102/102 MP: 8/8
   842 | D        | Reached ****** piety under Trog
   847 | D        | Received a gift from Trog
   852 | D        | Noticed a large abomination
   966 | D        | Killed a large abomination
   967 | D        | Reached skill level 13 in Unarmed Combat
   979 | D        | Noticed an anaconda
   987 | D        | Killed an anaconda
  1008 | D        | Noticed a polar bear
  1008 | D        | Noticed a seven-headed hydra
  1017 | D        | Killed a seven-headed hydra
  1018 | D        | Reached skill level 14 in Unarmed Combat
  1018 | D        | Reached XP level 10. HP: 115/115 MP: 9/9
  1022 | D        | Received a gift from Trog
  1027 | D        | Noticed an elephant
  1029 | D        | Noticed a molten gargoyle
  1029 | D        | Killed an elephant
  1031 | D        | Killed a molten gargoyle
  1036 | D        | Noticed an elephant
  1044 | D        | Killed an elephant
  1102 | D        | Noticed a phantasmal warrior
  1102 | D        | Noticed a bog body
  1106 | D        | Killed a bog body
  1106 | D        | Received a gift from Trog
  1107 | D        | Reached skill level 15 in Unarmed Combat
  1107 | D        | Killed a phantasmal warrior
  1141 | D        | Noticed a sea snake
  1144 | D        | Killed a sea snake
  1151 | D        | Noticed a manticore
  1151 | D        | Noticed a death yak
  1151 | D        | Noticed a cane toad
  1151 | D        | Noticed Harold
  1152 | D        | Noticed a merfolk siren
  1156 | D        | Killed a cane toad
  1157 | D        | Reached XP level 11. HP: 127/127 MP: 10/10
  1158 | D        | Killed a death yak
  1159 | D        | Killed Harold
  1159 | D        | Received a gift from Trog
  1160 | D        | Reached skill level 16 in Unarmed Combat
  1160 | D        | Noticed a deep elf zephyrmancer
  1163 | D        | Reached skill level 1 in Armour
  1165 | D        | Killed a deep elf zephyrmancer
  1166 | D        | Received a gift from Trog
  1224 | D        | Noticed a fire giant
  1234 | D        | Killed a fire giant
  1417 | D        | Noticed a sea snake
  1428 | D        | Killed a sea snake
  1629 | D        | Noticed an orc warlord
  1633 | D        | Killed an orc warlord
  1634 | D        | Reached skill level 17 in Unarmed Combat
  1635 | D        | Received a gift from Trog
  1708 | D        | Noticed an orc knight
  1717 | D        | Reached skill level 5 in Armour
  1727 | D        | Killed an orc knight
  1728 | D        | Reached skill level 15 in Fighting
  1735 | D        | Received a gift from Trog
  1736 | D        | Noticed a sixfirhy
  1741 | D        | HP: 2/132 [sixfirhy (5)]
  1741 | D        | Mangled by a sixfirhy

Illustrated notes

Levels and vault maps discovered:
D:        pitsprint [storerooms_1, entrance_room_1, metal_vault_6, armoury_2,
          mini_pit_1, grid_room_1, main_hall_1, silver_pit, the_coven_2,
          the_vestibule_1, steel_vault_5, golden_pit, hallway_of_sentries,
          crystal_vault_6, iron_vault_5, final_vault]

Skill      XL: |  1  2  3  4  5  6  7  8  9 10 11 |
---------------+----------------------------------+-----
Fighting       | 3 4 7 9 10 12 13 15 | 15.0
Dodging        | 3 4 7 8 10 11 13 14 | 14.8
Unarmed Combat | 5 9 10 12 14 15 17 | 17.4
Armour         | 5 |  5.5

Action                     |  1- 3 |  4- 6 |  7- 9 | 10-12 || total
---------------------------+-------+-------+-------+-------++-------
  Melee: Unarmed           |    30 |    19 |    87 |    65 ||   201
         Punch             |     2 |       |     5 |     6 ||    13
 Invoke: Berserk           |     1 |       |     2 |     1 ||     4
         Brothers in Arms  |       |       |     1 |     4 ||     5
 Armour: Animal skin       |    50 |     8 |    63 |    24 ||   145
         Troll leather arm |       |       |       |    30 ||    30
  Dodge: Dodged            |    35 |     8 |    51 |    46 ||   140

Table legend: (Time is in decaauts)
 A = Elapsed time spent in this place.
 B = Non-inter-level travel time spent in this place.
 C = Inter-level travel time spent in this place.
 D = Time resting spent in this place.
 E = Time spent auto-exploring this place.
 F = Levels seen in this place.
 G = Mean time per level.
                   A        B        C        D        E       F      G
               +--------+--------+--------+--------+--------+-----+--------+
         Total |   1732 |   1699 |     33 |    596 |    452 |   1 | 1732.0 |
       Dungeon |   1732 |   1699 |     33 |    596 |    452 |   1 | 1732.0 |
               +--------+--------+--------+--------+--------+-----+--------+

Top non-repeatable levels by time:
       D: 1732 daAuts
